 Dungeon Crawl Stone Soup version 0.17-a0-1718-g72dbe4d (console) character file.

4982 Monkaria the Imperceptible (level 10, 0/42 HPs)
             Began as a Felid Berserker on Aug 26, 2015.
             Was an Elder of Trog.
             Asphyxiated
             ... on level 11 of the Dungeon.
             The game lasted 00:15:52 (11030 turns).

Monkaria the Imperceptible (Felid Berserker)       Turns: 11030, Time: 00:15:52

Health: 0/42       AC:  2    Str: 16    XL:     10   Next: 29%
Magic:  11/11      EV: 14    Int:  8    God:    Trog [****..]
Gold:   505        SH:  0    Dex: 17    Spells: 0 memorised, 9 levels left
                                        Lives:  0   Deaths: 3

rFire  . . .     SeeInvis +       - Unarmed
rCold  . . .     Clarity  .     (armour unavailable)
rNeg   . . .     SustAt   .     (shield unavailable)
rPois  .         Gourm    .     (helmet unavailable)
rElec  .         Spirit   .     (cloak unavailable)
rCorr  .         Warding  .     (gloves unavailable)
rMut   .         Stasis   .     (boots unavailable)
MR     +....                    (no amulet)
Stlth  ++++++++++               k - ring of stealth
                                (no ring)

@: lethally poisoned (0 -> -26), slowed, slow, somewhat resistant to hostile
enchantments, uncannily stealthy
A: no armour, no weapons or thrown items, claws 1, fangs 3, see invisible,
carnivore 3, speed 1, shaggy fur 2, slow metabolism 1, sharp paws
a: Burn Spellbooks, Berserk, Trog's Hand, Brothers in Arms, Renounce Religion


You were on level 11 of the Dungeon.
You worshipped Trog.
Trog was greatly pleased with you.
You were full.

You visited 2 branches of the dungeon, and saw 12 of its levels.

You collected 505 gold pieces.

Inventory:

Jewellery
 j - an uncursed ring of teleportation
 k - a ring of stealth (right paw)
Magical devices
 d - a wand of frost (13)
 r - a wand of slowing (31)
 t - a wand of enslavement (10)
 y - a wand of frost (19)
 C - a wand of draining (12)
 D - a wand of digging (11)
 I - a wand of random effects (38)
 K - a wand of slowing (40)
Scrolls
 b - 7 scrolls of remove curse
 e - 2 scrolls of recharging
 h - 2 scrolls of amnesia {unknown}
 l - a scroll of immolation {unknown}
 m - 4 scrolls of enchant weapon {unknown}
 n - 2 scrolls of enchant armour {unknown}
 v - 7 scrolls of teleportation {unknown}
 F - a scroll of magic mapping {unknown}
 H - a scroll of fog
 J - 2 scrolls of identify
Potions
 c - a potion of invisibility
 f - 3 potions of curing
 g - 2 potions of heal wounds
 o - 2 potions of beneficial mutation
 p - 2 potions of agility
 q - 2 potions of lignification
 s - 4 potions of resistance
 u - a potion of poison
 w - 2 potions of degeneration
 x - 2 potions of ambrosia
 z - a potion of magic
 B - 3 potions of might
 E - 2 potions of haste
 L - a potion of flight {unknown}
Books
 i - the Volume of the Fox
   (You found it on level 10 of the Dungeon)

   Spells                             Type                      Level
   a - Sting                          Conjuration/Poison           1
   b - Cure Poison                    Poison                       2
   c - Ignite Poison                  Fire/Transmutation/Poison    3
   d - Olgreb's Toxic Radiance        Poison                       4
   e - Alistair's Intoxication        Transmutation/Poison         4
   f - Poisonous Cloud                Conjuration/Poison/Air       6
   Trog disapproves of the use of such an item.
Miscellaneous
 M - a lantern of shadows
 N - a plain deck of war
Comestibles
 a - 7 meat rations
 A - a beef jerky
 G - a slice of pizza


   Skills:
 - Level 3.0 Fighting
 + Level 4.0 Dodging
 - Level 21.3 Stealth
 - Level 7.0 Unarmed Combat


You had 9 spell levels left.
You didn't know any spells.

Dungeon Overview and Level Annotations

Branches:
Dungeon (11/15)            Temple (1/1) D:6            Lair (0/8) D:8
    Orc (0/4) D:10

Altars:
Ashenzari
Cheibriados
Dithmenos
Elyvilon
Fedhas
Gozag
Kikubaaqudgha
Makhleb
Nemelex Xobeh
Okawaru
Qazlal
Ru
Sif Muna
Trog
Vehumet
Xom
Yredelemnul
Zin
The Shining One

Shops:
D:4 [   D:8 [

Annotations:
D:9 trantor's ghost, experienced HEHu
D:11 Erolcha


Innate Abilities, Weirdness & Mutations

You cannot wear armour.
You are incapable of wielding weapons or throwing items.
You have sharp claws.
You have razor-sharp teeth.
You have supernaturally acute eyesight.
You are carnivorous and can eat meat at any time.
You cover ground quickly.
You are covered in thick fur (AC +2).
You have a slow metabolism.
Your sharp claws are effective at attacking unaware monsters.


Message History

Erolcha points at you and mumbles some strange words.
The bolt of fire hits you!
There is a stone staircase leading up here.
Things that are here:
a curare-tipped needle; a stone Unknown command.
Unknown command.
You feel sick.
The kobold shoots a curare-tipped needle.
The curare-tipped needle closely misses you.
The hound skeleton bites you.
* * * LOW HITPOINT WARNING * * *
Erolcha gestures wildly while chanting.
Erolcha blinks!
The big kobold throws a stone.
The stone hits you.
* * * LOW HITPOINT WARNING * * *
The kobold shoots a curare-tipped needle.
The curare-tipped needle hits you.
You are more poisoned.
You have difficulty breathing.
You die...

##+#####
#((.O..#
#(..Z..#
#..@...#
#.))K..+
#.KK..ยง#
+...K..#
#......#
##+#####


You could see Erolcha, a big kobold, 3 kobolds and a hound skeleton.

Vanquished Creatures
  Gastronok (D:10)
  Nergalle (D:10)
  An unseen horror (D:10)
  2 hill giants (D:10)
  2 wizards (D:10)
  Pikel (D:7)
  The ghost of Gargoyl the Skirmisher, an experienced DsAK of Lugonu (D:6)
  A gargoyle (D:10)
  A wyvern (D:9)
  A wraith (D:10)
  A hungry ghost (D:3)
  2 hippogriffs
  Menkaure (D:7)
  2 wargs (D:8)
  A sky beast (D:5)
  A black bear (D:6)
  An orc warrior (D:9)
  4 phantoms
  An eye of draining (D:10)
  2 ogres (D:9)
  2 ice beasts
  6 centaurs
  5 boggarts (D:10)
  2 big kobolds
  A crocodile (D:10)
  8 giant frogs
  2 water moccasin zombies
  A scorpion (D:5)
  A giant frog zombie (D:10)
  A centaur zombie (D:7)
  4 crimson imps
  A gnoll shaman (D:5)
  6 orc priests
  A centaur skeleton (D:6)
  4 hounds
  8 orc wizards
  3 giant frog skeletons
  4 iguanas
  8 worker ants
  7 gnolls
  2 worker ant zombies (D:5)
  Robin (D:3)
  11 adders
  A shadow imp (D:9)
  An adder zombie (D:9)
  4 worms
  2 adder skeletons
  5 giant geckos
  17 orcs
  13 goblins
  11 hobgoblins
  14 jackals
  7 quokkas
  5 bats
  6 giant cockroaches
  6 giant newts
  13 kobolds
  6 rats
228 creatures vanquished.

Notes
Turn   | Place    | Note
--------------------------------------------------------------
     0 | D:1      | Monkaria the Felid Berserker began the quest for the Orb.
     0 | D:1      | Reached XP level 1. HP: 10/10 MP: 2/2
   221 | D:1      | Reached XP level 2. HP: 1/14 MP: 3/3
  1227 | D:2      | Reached XP level 3. HP: 17/17 MP: 4/4
  1252 | D:2      | Acquired Trog's second power
  2325 | D:3      | Reached skill level 5 in Unarmed Combat
  2325 | D:3      | Reached XP level 4. HP: 21/21 MP: 5/5
  2665 | D:3      | Noticed Robin
  2904 | D:3      | Reached XP level 5. HP: 19/24 MP: 6/6
  2936 | D:3      | Noticed a hungry ghost
  2964 | D:3      | Killed a hungry ghost
  2964 | D:3      | Reached skill level 6 in Unarmed Combat
  2964 | D:3      | Gained mutation: You are covered in thick fur (AC +2). [Felid growth]
  2964 | D:3      | Reached XP level 6. HP: 28/28 MP: 7/7
  2969 | D:3      | Reached skill level 7 in Unarmed Combat
  3044 | D:3      | Killed Robin
  3044 | D:3      | Reached skill level 1 in Stealth
  3997 | D:4      | Found Ysulair's Armour Boutique.
  4007 | D:4      | Reached skill level 5 in Stealth
  4007 | D:4      | Reached XP level 7. HP: 31/31 MP: 8/8
  4657 | D:5      | Entered Level 5 of the Dungeon
  4738 | D:5      | Reached skill level 8 in Stealth
  4881 | D:5      | Reached skill level 9 in Stealth
  5208 | D:5      | Reached XP level 8. HP: 34/34 MP: 9/9
  5220 | D:5      | Reached skill level 10 in Stealth
  5544 | D:6      | Reached skill level 11 in Stealth
  5665 | D:6      | Noticed Gargoyl's ghost (experienced DsAK)
  5680 | D:6      | Killed Gargoyl's ghost
  5680 | D:6      | Reached skill level 12 in Stealth
  5941 | D:6      | Reached skill level 13 in Stealth
  6196 | D:6      | Found a staircase to the Ecumenical Temple.
  6250 | Temple   | Entered the Ecumenical Temple
  6574 | D:6      | Reached XP level 9. HP: 20/37 MP: 10/10
  7286 | D:7      | Reached skill level 14 in Stealth
  7315 | D:7      | Noticed Menkaure
  7322 | D:7      | Killed Menkaure
  7346 | D:7      | Found an opulent altar of Gozag.
  7475 | D:7      | Reached skill level 15 in Stealth
  7797 | D:7      | Noticed Pikel
  7827 | D:7      | Killed Pikel
  7945 | D:8      | Found Geazi's Antique Armour Emporium.
  7958 | D:8      | Reached skill level 16 in Stealth
  8038 | D:8      | Found a staircase to the Lair.
  8047 | D:8      | Slain by a giant frog
  8048 | D:8      | Reached XP level 8. HP: -1/34 MP: 9/9
  8294 | D:8      | Reached XP level 9. HP: 37/37 MP: 10/10
  8634 | D:8      | Reached skill level 17 in Stealth
  8964 | D:9      | Acquired Trog's third power
  9062 | D:9      | Noticed trantor's ghost (experienced HEHu)
  9242 | D:9      | HP: 1/37 [trantor's ghost (7)]
  9242 | D:9      | Slain by trantor's ghost
  9243 | D:9      | Reached XP level 8. HP: 0/34 MP: 9/9
  9552 | D:10     | Entered Level 10 of the Dungeon
  9564 | D:10     | Noticed a hill giant
  9569 | D:10     | Killed a hill giant
  9569 | D:10     | Reached skill level 18 in Stealth
  9569 | D:10     | Reached XP level 9. HP: 37/37 MP: 10/10
  9613 | D:10     | Found a staircase to the Orcish Mines.
  9618 | D:10     | Noticed Nergalle
  9629 | D:10     | Killed Nergalle
  9645 | D:10     | Noticed an unseen horror
  9649 | D:10     | Killed an unseen horror
  9649 | D:10     | Reached skill level 19 in Stealth
  9785 | D:10     | Noticed Gastronok
  9804 | D:10     | Killed Gastronok
  9804 | D:10     | Reached skill level 20 in Stealth
  9804 | D:10     | Reached XP level 10. HP: 14/42 MP: 11/11
  9810 | D:10     | HP: 3/63 [wraith (8)]
 10043 | D:10     | Noticed a hill giant
 10054 | D:10     | Noticed an unseen horror
 10055 | D:10     | Killed a hill giant
 10056 | D:10     | Noticed a hill giant
 10062 | D:10     | Killed an unseen horror
 10064 | D:10     | Noticed a hill giant
 10080 | D:10     | HP: 2/42 [hill giant/giant club[a boggart] (28)]
 10083 | D:10     | Annihilated by a hill giant
 10084 | D:10     | Reached XP level 9. HP: -22/37 MP: 10/10
 10106 | D:10     | Noticed a gargoyle
 10113 | D:10     | Killed a gargoyle
 10132 | D:10     | Identified the Volume of the Fox
 10710 | D:10     | Reached XP level 10. HP: 42/42 MP: 11/11
 10745 | D:10     | Noticed a wizard
 10748 | D:10     | Noticed a wizard
 10750 | D:10     | Reached skill level 21 in Stealth
 10753 | D:10     | Killed a wizard
 10761 | D:10     | Killed a wizard
 10970 | D:11     | Noticed Erolcha
 11030 | D:11     | Asphyxiated

Vault maps used:
D:1:      minmay_arrival_widening_spiral_wide
D:2:      serial_forest, infiniplex_forest_lined_ring,
          infiniplex_forest_fountain, infiniplex_forest_clump_diagonal,
          infiniplex_forest_straight_2, first_bread
D:3:      uniq_robin
D:4:      serial_shops, nicolae_shop_waterfront
D:5:      hangedman_abyss_or_decor_passed
D:6:      minmay_temple_entry_mist
D:7:      grunt_gozag_breadcrumbs, minmay_tree_intersection, uniq_menkaure,
          uniq_pikel
D:8:      erik_lair_orcish_takeover, serial_shops, shop_fountains
D:10:     minmay_smoke_and_mirrors, orc_0_dummy, uniq_nergalle, uniq_gastronok
D:11:     uniq_psyche, uniq_erolcha, uniq_maud
Temple:   grunt_circular_temple_18

Action                   |  1- 3 |  4- 6 |  7- 9 | 10-12 || total
-------------------------+-------+-------+-------+-------++-------
Melee: Unarmed           |   126 |    93 |   404 |    59 ||   682
Invok: Berserk           |     4 |     5 |    19 |     2 ||    30
       Trog's Hand       |     1 |     2 |    13 |     2 ||    18
  Use: Scroll            |       |       |    16 |     1 ||    17
 Stab: Sleeping          |     5 |     9 |    41 |     6 ||    61
       Distracted        |       |     1 |     6 |       ||     7
  Eat: Chunk             |    12 |     9 |    43 |     5 ||    69
